 Dungeon Crawl Stone Soup version 0.27-a0-1200-g94dc6ad4cf (webtiles) character file.

Game seed: 4509827034307123882

216 Delamore the Skirmisher (level 6, 0/47 (49) HPs)
             Began as a Formicid Fighter on June 1, 2021.
             Slain by Crazy Yiuf
             ... wielding a +4 quarterstaff of chaos
              (5 damage)
             ... on level 3 of the Dungeon.
             The game lasted 00:02:59 (2867 turns).

Delamore the Skirmisher (Formicid Fighter)          Turns: 2867, Time: 00:03:00

HP:   0/47 (49)     AC:  8    Str: 22    XL:     6   Next: 16%
MP:   6/6           EV: 13    Int: 14    God:
Gold: 89            SH: 10    Dex: 10    Spells: 5/5 levels left

rFire    . . .     SeeInvis +   a - +0 trident
rCold    . . .     Faith    .   c - +0 kite shield
rNeg     . . .     Spirit   .   b - +0 scale mail
rPois    .         Reflect  .   (helmet unavailable)
rElec    .         Harm     .   (no cloak)
rCorr    +         Rampage  .   (no gloves)
Will     .....                  f - +0 pair of boots
Stlth    ..........             (no amulet)
HPRegen  0.15/turn              l - +6 ring of intelligence
MPRegen  0.10/turn              e - ring of resist corrosion

@: agile, lightly drained
A: permanent stasis, dig shafts and tunnels, antennae 3, four strong arms
a: Dig, Shaft Self


You were on level 3 of the Dungeon.
You visited 1 branch of the dungeon, and saw 3 of its levels.

You collected 89 gold pieces.

Inventory:

Hand Weapons
 a - a +0 trident (weapon)
Missiles
 i - 16 poisoned darts
Armour
 b - a +0 scale mail (worn)
 c - a +0 kite shield (worn)
 f - a +0 pair of boots (worn)
Jewellery
 e - a ring of resist corrosion (right hand)
 l - a +6 ring of intelligence (left hand)
Potions
 d - a potion of might
 g - a potion of haste
 k - a potion of heal wounds {unknown}


   Skills:
 + Level 4.7 Fighting
 + Level 3.6 Polearms
 + Level 4.2 Armour
 + Level 4.7 Shields


You had 5 spell levels left.
You didn't know any spells.
Your spell library contained the following spells:

 Spells                   Type           Power      Damage    Failure   Level
 Magic Dart               Conj           0%         1d3       88%         1
 Searing Ray              Conj           0%         3d3       95%         2
 Dazzling Flash           Conj/Hex       0%         N/A       99%         3
 Fulminant Prism          Conj/Hex       0%         3d6       100%        4
 Iskenderun's Mystic Bla  Conj/Tloc      0%         2d3       100%        4


Dungeon Overview and Level Annotations

Branches:
Dungeon (3/15)

Altars:
Nemelex Xobeh

Shops:
D:1 *

Annotations:
D:3 Crazy Yiuf


Innate Abilities, Weirdness & Mutations

You cannot be hasted, slowed, berserked, paralysed or teleported.
You can dig through walls and to a lower floor.
You have a pair of large antennae on your head. (SInv)
Your four strong arms can wield two-handed weapons with a shield.


Message History

Crazy Yiuf hits you with a +4 quarterstaff of chaos.
You feel drained.
You barely miss Crazy Yiuf.
Crazy Yiuf hits you with a +4 quarterstaff of chaos!
You easily resist.
Crazy Yiuf whimpers, "Citrus!
Snurf bag light."
Crazy Yiuf hits you with a +4 quarterstaff of chaos.
You feel agile all of a sudden.
You hit Crazy Yiuf.
Crazy Yiuf is lightly wounded.
Crazy Yiuf zaps a wand.
You resist with some effort.
You hit Crazy Yiuf but do no damage.
Crazy Yiuf is lightly wounded.
You block Crazy Yiuf's attack.
You hit Crazy Yiuf but do no damage.
Crazy Yiuf is lightly wounded.
Crazy Yiuf hits you with a +4 quarterstaff of chaos.
You feel drained. Crazy Yiuf closely misses you.
You puncture Crazy Yiuf!
Crazy Yiuf is heavily wounded.
Crazy Yiuf flaps his cloak.
You block Crazy Yiuf's attack.
You hit Crazy Yiuf but do no damage.
Crazy Yiuf is heavily wounded.
You block Crazy Yiuf's attack.
You hit Crazy Yiuf.
Crazy Yiuf is severely wounded.
Crazy Yiuf hits you with a +4 quarterstaff of chaos!
Crazy Yiuf freezes you.
You barely miss Crazy Yiuf.
Crazy Yiuf is severely wounded.
Crazy Yiuf hits you with a +4 quarterstaff of chaos!
* * * LOW HITPOINT WARNING * * *
Crazy Yiuf freezes you.
* * * LOW HITPOINT WARNING * * *
You block Crazy Yiuf's attack.
You puncture Crazy Yiuf!
Crazy Yiuf is almost dead.
Crazy Yiuf hits you with a +4 quarterstaff of chaos.
You die...

#....####
####.....#
##..##
#.#.#.#
#....#
#.....#
#...##
###.#..
##.##
#.... #.##
#.#.# ##)#
#.... #)##
##..# ##@#
#... #g#
#..# ..)
.....
#...#
##...
#..)# ####
#####


You could see Crazy Yiuf.

Vanquished Creatures
  An orc wizard (D:2)
  Natasha (thrice) (D:2)
  3 adders
  4 worms
  2 dart slugs
  5 orcs
  8 endoplasms
  2 giant cockroaches
  2 goblins (D:1)
  6 hobgoblins
  6 jackals
  2 kobolds
  3 quokkas
  2 ball pythons
  12 bats
  5 frilled lizards
  6 rats
72 creatures vanquished.

Notes
Turn   | Place    | Note
-------+----------+-------------------------------------------
     0 | D:1      | Delamore the Formicid Fighter began the quest for the Orb.
     0 | D:1      | Reached XP level 1. HP: 18/18 MP: 1/1
   174 | D:1      | Reached XP level 2. HP: 24/24 MP: 2/2
   177 | D:1      | Found a faded altar of an unknown god.
   351 | D:1      | Reached XP level 3. HP: 30/30 MP: 3/3
   437 | D:1      | Found Weprey's Assorted Antiques.
   864 | D:2      | Noticed Natasha
   874 | D:2      | Killed Natasha
   875 | D:2      | Reached XP level 4. HP: 20/37 MP: 4/4
  1349 | D:2      | Noticed Natasha
  1378 | D:2      | Killed Natasha
  1379 | D:2      | Reached XP level 5. HP: 27/42 MP: 5/5
  1648 | D:2      | Found a sparkling altar of Nemelex Xobeh.
  1671 | D:2      | Noticed Natasha
  1682 | D:2      | Killed Natasha
  2517 | D:3      | Reached XP level 6. HP: 49/49 MP: 6/6
  2853 | D:3      | Found a runed translucent door.
  2854 | D:3      | Noticed Crazy Yiuf
  2867 | D:3      | Slain by Crazy Yiuf

Illustrated notes

Levels and vault maps discovered:
D:1:      evilmike_arrival_rings, layout_basic, ebering_ecumenical_altar_hall,
          serial_shops, shop, minmay_tromino_v4_b
D:2:      layout_basic, basic_altar, uniq_natasha
D:3:      layout_loops_ring, hangedman_decor_points, uniq_crazy_yiuf_cottage

Skill      XL: |  1  2  3  4  5 |
---------------+----------------+-----
Fighting       | 4 |  4.7
Polearms       | 3 |  3.6
Shields        | 4 |  4.7
Armour         | 4 |  4.2

Action                   |  1- 3 |  4- 6 || total
-------------------------+-------+-------++-------
Melee: Trident           |   116 |   202 ||   318
 Abil: Dig               |       |     1 ||     1
  Use: Potion            |       |     1 ||     1
       Scroll            |       |     3 ||     3
Armor: Scale mail        |    54 |    76 ||   130
Dodge: Dodged            |    35 |    56 ||    91
Block: Kite shield       |    49 |   104 ||   153

Table legend: (Time is in decaauts)
 A = Elapsed time spent in this place.
 B = Non-inter-level travel time spent in this place.
 C = Inter-level travel time spent in this place.
 D = Time resting spent in this place.
 E = Time spent auto-exploring this place.
 F = Levels seen in this place.
 G = Mean time per level.
                   A        B        C        D        E       F      G
               +--------+--------+--------+--------+--------+-----+--------+
         Total |   2965 |   2931 |     34 |    478 |   1838 |   3 |  988.3 |
       Dungeon |   2965 |   2931 |     34 |    478 |   1838 |   3 |  988.3 |
               +--------+--------+--------+--------+--------+-----+--------+

Top non-repeatable levels by time:
     D:2: 1682 daAuts
     D:1: 866 daAuts
     D:3: 416 daAuts
